Map: 오딧세이 - 래더

Players

Ryung

  • Race: Terran Terran
  • League: Master
  • Spawn Location: 5:00

INnoVation - Winner!

  • Race: Terran Terran
  • League: Master
  • Spawn Location: 11:00

VOD

Have the link to the VOD?

Description

Time

  • Played on: Jan. 30, 2018, 5:42 a.m.
  • Length: 13:04
Show
View Real Time Build Order
Export as new Build Order

Ryung Terran 

Build Orders: Cyclone Opening, Mech 

Get SALT Encoding   

  12  0:01  SCV  
  13  0:13  SCV  
  14  0:18  Supply Depot  
  14  0:25  SCV  
  14  0:27  Refinery  
  15  0:39  SCV  
  16  0:44  Barracks  
  16  0:51  SCV  
  16  0:54  Refinery  
  17  1:03  SCV  
  18  1:15  SCV  
  19  1:31  Orbital Command  
  19  1:32  Reaper  
  20  1:33  Factory  
  20  1:47  Supply Depot  
  20  1:57  SCV  
  21  2:04  Reaper  
  22  2:09  SCV  
  23  2:17  Cyclone  
  26  2:28  Command Center  
  26  2:32  SCV  
  27  2:39  Supply Depot  
  27  2:44  SCV, Barracks Reactor  
  28  2:50  Cyclone  
  31  3:00  SCV  
  32  3:06  Supply Depot  
  31  3:13  SCV  
  31  3:25  SCV  
  31  3:33  Cyclone x2  
  37  3:37  SCV  
  38  3:49  SCV  
  38  3:50  Command Center  
  39  3:57  Orbital Command  
  39  4:07  Cyclone  
  42  4:12  Cyclone  
  42  4:14  SCV  
  46  4:23  SCV  
  47  4:26  SCV  
  47  4:29  Refinery  
  47  4:30  Refinery  
  48  4:35  SCV  
  48  4:38  SCV  
  50  4:43  Barracks Reactor  
  50  4:47  SCV, Factory  
  50  4:50  Hellion, SCV  
  50  4:51  Hellion  
  56  4:56  Armory  
  56  4:59  SCV  
  57  5:05  SCV  
  59  5:13  SCV, Orbital Command  
  59  5:17  SCV  
  59  5:18  Cyclone  
  59  5:21  Cyclone  
  66  5:25  SCV  
  67  5:29  SCV, Orbital Command  
  68  5:37  SCV  
  68  5:38  Cyclone  
  68  5:41  SCV  
  68  5:42  Cyclone  
  76  5:45  Terran Vehicle Weapons Level 1  
  76  5:49  SCV  
  77  5:59  Supply Depot  
  77  6:15  Supply Depot  
  77  6:16  Supply Depot  
  77  6:21  SCV x2, Cyclone x2  
  85  6:35  Hellion, SCV  
  85  6:37  Hellion, Factory x3, SCV x2  
  87  6:40  Hellion  
  87  6:47  SCV  
  87  6:49  SCV  
  87  6:50  SCV  
  87  6:52  Starport, Refinery  
  87  6:53  Refinery  
  90  6:54  Hellion  
  90  6:59  SCV  
  90  7:00  Hellion  
  95  7:02  SCV x2  
  95  7:04  Hellion x2  
  101  7:13  Supply Depot  
  101  7:15  Supply Depot  
  101  7:17  Supply Depot  
  101  7:19  SCV x3  
  101  7:20  Factory Tech Lab  
  101  7:21  Factory Tech Lab x2  
  104  7:31  SCV x3  
  106  7:43  SCV x3  
  107  7:46  Siege Tank x3  
  112  7:55  SCV x3  
  112  7:56  Terran Vehicle Weapons Level 2  
  114  8:00  Factory Reactor  
  114  8:07  SCV x3  
  114  8:08  Viking  
  114  8:09  Viking  
  121  8:29  Siege Tank x3  
  124  8:35  Hellion x2  
  124  8:36  SCV x2  
  124  8:37  SCV  
  124  8:38  Viking  
  124  8:39  Viking  
  129  8:44  Supply Depot  
  129  8:47  Supply Depot  
  129  8:50  Supply Depot  
  129  8:51  Hellion x2  
  133  9:05  Supply Depot, SCV x2  
  133  9:06  Supply Depot x2, SCV  
  133  9:07  Liberator  
  133  9:08  Viking  
  131  9:20  Siege Tank x3  
  131  9:21  Hellion x3, Liberator  
  138  9:33  Hellion  
  139  9:46  Infernal Pre-Igniter  
  139  9:48  SCV x2  
  138  9:55  Hellion x2  
  138  9:56  Hellion  
  144  10:10  Siege Tank, Orbital Command  
  144  10:11  Siege Tank  
  139  10:22  SCV x2  
  139  10:23  Siege Tank  
  139  10:24  Hellion x2  
  126  10:33  Hellion x2  
  126  10:34  SCV  
  122  10:41  SCV  
  122  10:42  SCV  
  119  10:43  Viking  
  119  10:45  Viking  
  119  10:46  SCV  
  120  10:53  Hellion x2  
  109  11:09  Liberator x2  
  109  11:11  Hellion x4  
  101  11:18  Hellion  
  107  11:42  Hellion x5  
  113  12:10  Hellion x4  
  117  12:25  Siege Tank x2  
  117  12:26  Siege Tank  
  126  12:30  Viking x2  
  126  12:32  SCV x3  
  126  12:35  Refinery x2  
  112  12:48  SCV x3  
Show
View Real Time Build Order
Export as new Build Order

INnoVation Terran - Winner!

Build Orders: Cyclone Opening, Gas First Reaper Expand, Reaper Expand, Mech 

Get SALT Encoding   

  12  0:00  SCV  
  13  0:12  SCV  
  14  0:17  Supply Depot  
  14  0:25  SCV  
  14  0:27  Refinery  
  15  0:38  SCV  
  16  0:44  Barracks  
  16  0:50  SCV  
  17  1:02  SCV  
  18  1:14  SCV  
  19  1:31  Orbital Command  
  19  1:32  Reaper  
  20  1:46  Command Center  
  20  1:58  Factory  
  20  2:00  SCV  
  21  2:05  Barracks Reactor  
  21  2:12  SCV  
  22  2:17  Supply Depot  
  22  2:18  Refinery  
  22  2:25  SCV  
  23  2:39  SCV  
  24  2:47  Cyclone  
  24  2:48  Hellion  
  29  2:51  SCV  
  29  2:57  Orbital Command  
  30  3:03  SCV  
  31  3:12  Cyclone  
  33  3:15  SCV  
  34  3:27  SCV x2  
  34  3:29  Cyclone  
  39  3:35  Supply Depot  
  39  3:40  SCV x2  
  41  3:45  Cyclone  
  44  3:52  SCV x2  
  46  3:58  Supply Depot  
  46  4:01  Cyclone  
  49  4:04  SCV x2  
  51  4:16  SCV x2  
  53  4:20  Cyclone  
  56  4:26  Command Center, Supply Depot  
  56  4:29  SCV x2  
  58  4:34  Barracks Tech Lab  
  58  4:35  Refinery  
  58  4:38  Refinery  
  58  4:41  SCV x2  
  60  4:48  Supply Depot  
  60  4:53  SCV  
  60  4:56  SCV  
  61  5:00  Factory  
  61  5:03  Siege Tank  
  61  5:05  SCV  
  63  5:08  SCV  
  63  5:13  Supply Depot  
  64  5:17  SCV  
  64  5:19  Starport, Barracks Reactor  
  64  5:20  SCV  
  66  5:26  Refinery  
  66  5:27  Refinery  
  66  5:29  SCV  
  66  5:33  SCV  
  68  5:36  Siege Tank  
  68  5:37  Supply Depot  
  68  5:38  Orbital Command  
  68  5:41  SCV  
  72  5:45  SCV, Liberator x2  
  77  5:50  Hellion x2  
  77  5:53  SCV  
  77  5:54  Factory  
  78  5:59  SCV  
  85  6:04  Supply Depot  
  85  6:05  SCV  
  85  6:06  SCV  
  85  6:10  Siege Tank  
  90  6:14  SCV  
  90  6:18  SCV x2  
  93  6:21  Hellion x2  
  97  6:26  Armory  
  96  6:34  SCV x3  
  98  6:42  Siege Tank  
  98  6:44  Hellion, Factory Tech Lab  
  98  6:45  Hellion  
  105  6:48  SCV x3  
  108  6:56  Armory  
  108  6:58  Armory  
  108  7:00  Factory  
  108  7:01  SCV x3  
  111  7:02  Factory  
  111  7:05  Supply Depot  
  111  7:10  Siege Tank  
  111  7:14  Siege Tank  
  117  7:18  Supply Depot  
  117  7:19  Infernal Pre-Igniter  
  117  7:27  Viking, SCV x3  
  117  7:28  Supply Depot  
  117  7:29  Viking  
  120  7:38  Hellion x2  
  120  7:43  Siege Tank  
  124  7:46  SCV x3  
  124  7:47  Siege Tank  
  124  7:57  Viking  
  124  7:59  Viking  
  124  8:03  Factory Reactor, Factory Tech Lab  
  124  8:04  Hellion x2, Supply Depot  
  130  8:06  Supply Depot  
  130  8:07  Supply Depot  
  130  8:09  Terran Vehicle Weapons Level 1  
  130  8:10  Terran Vehicle And Ship Armor Level 1  
  130  8:11  Supply Depot  
  130  8:22  Siege Tank x2  
  130  8:24  SCV x2  
  130  8:25  SCV  
  130  8:26  Hellion x2  
  136  8:30  Viking x2  
  135  8:36  SCV  
  135  8:37  SCV x2  
  138  8:43  Siege Tank  
  138  8:45  Hellion x2  
  138  8:47  Hellion x2, Liberator x2  
  149  8:51  SCV x3  
  149  8:53  Supply Depot  
  149  9:14  Siege Tank x2  
  149  9:16  Hellion x3  
  150  9:26  Command Center  
  150  9:27  Supply Depot  
  153  9:38  Siege Tank  
  155  9:46  Hellion x3, Siege Tank x2  
  157  10:00  Viking  
  157  10:01  Viking  
  157  10:05  Terran Vehicle Weapons Level 2, Terran Vehicle And Ship Armor Level 2  
  157  10:06  SCV x3  
  164  10:14  Siege Tank  
  157  10:26  Hellion  
  157  10:27  Hellion x3, Siege Tank x2  
  151  10:32  Viking  
  141  10:37  Viking  
  139  10:48  Siege Tank  
  135  10:52  SCV x3, Refinery  
  135  10:54  Refinery  
  135  10:56  Engineering Bay  
  138  10:58  Hellion x3  
  138  10:59  Hellion, Siege Tank  
  142  11:07  Viking x2  
  146  11:15  Siege Tank  
  140  11:20  Siege Tank  
  140  11:23  Hellion x2  
  140  11:24  Hellion  
  149  11:26  Hellion  
  149  11:30  SCV x3  
  149  11:31  Planetary Fortress  
  154  11:39  Viking x2  
  156  11:44  Siege Tank  
  159  11:47  Siege Tank  
  159  11:55  Liberator x2  
  159  11:59  Command Center  
  148  12:13  Siege Tank  
  157  12:16  Siege Tank  
  157  12:17  Hellion x4  
  167  12:32  SCV x2  
  167  12:33  SCV  
  140  12:44  SCV x2  
  140  12:45  SCV  
Tags
 
Add a new tag
Caveats
  • Supply blocks, unpowered buildings, or Contaminate may cause inaccurate times.
  • Supply counts are checked every 10 seconds.